 Dungeon Crawl Stone Soup version 0.25-b1-37-g2669288c55 (webtiles) character file.

Game seed: 902452934046346927

254641 grindst0ne the Demonic Cataclysm (level 19, -1/129 HPs)
             Began as a Demonspawn Fighter on June 4, 2020.
             Was a High Priest of Qazlal.
             Killed from afar by a starcursed mass (13 damage)
             ... with an accursed screaming
             ... while paralysed by accursed screaming
             ... on level 2 of the Abyss on June 5, 2020.
             The game lasted 01:50:47 (48950 turns).

grindst0ne the Demonic Cataclysm (DsFi)            Turns: 48950, Time: 01:50:47

Health: -1/129     AC: 30    Str: 26    XL:     19   Next: 2%
Magic:  0/33       EV:  2    Int: 17    God:    Qazlal [*****.]
Gold:   1061       SH:  0    Dex: 14    Spells: 26/34 levels left

rFire    . . .     SeeInvis .     - Unarmed
rCold    + + .     Gourm    .   I - +5 kite shield of the Gloaming {rPois rC+ rN+ Str+2}
rNeg     + . .     Faith    .   t - +9 plate armour of Sufret Wuja {Int+6}
rPois    +         Spirit   +   (helmet unavailable)
rElec    .         Reflect  .   q - +1 cloak {rPois}
rCorr    .         Harm     .   (gloves unavailable)
MR       +....     Rnd*Rage +   (boots unavailable)
Stlth    ..........             b - brooch of Shielding {Spirit SH+8}
HPRegen  0.31/turn              D - ring "Unugiff" {rC+ Str+2}
MPRegen  0.23/turn              V - +4 ring of evasion

@: paralysed, about to teleport, protected from physical damage, studying Hexes,
repel missiles
A: claws 3, horns 3, talons 3, [berserk 2], demonic guardian 1, [deterioration
2], frail 1, nightstalker 2
}: 2/15 runes: decaying, serpentine
a: Upheaval, Elemental Force, Disaster Area, Renounce Religion


You were on level 2 of the Abyss.
You worshipped Qazlal.
Qazlal was extremely pleased with you.
You were not hungry.

You visited 7 branches of the dungeon, and saw 34 of its levels.
You visited the Abyss 1 time.
You also visited: Ossuary, Gauntlet and Ice Cave.

You collected 3258 gold pieces.
You spent 2197 gold pieces at shops.

Inventory:

Missiles
 m - 3 atropa-tipped darts (quivered)
Armour
 q - a +1 cloak of poison resistance (worn)
 t - the +9 plate armour of Sufret Wuja (worn) {Int+6}
   (You bought it in a shop on level 2 of the Orcish Mines)

   It affects your intelligence (+6).
 I - the +5 kite shield of the Gloaming (worn) {rPois rC+ rN+ Str+2}
   (You took it off Asterion on level 4 of the Snake Pit)

   It affects your strength (+2).
   It protects you from cold.
   It protects you from poison.
   It protects you from negative energy.
 W - a +1 kite shield of protection
Jewellery
 b - the brooch of Shielding (around neck) {Spirit SH+8}
   (You found it in a Gauntlet)

   [amulet of guardian spirit]

   It causes incoming damage to be split between your health and magic.
   It affects your SH (+8).
 D - the ring "Unugiff" (left claw) {rC+ Str+2}
   (You found it in a Gauntlet)

   [ring of protection from cold]

   It affects your strength (+2).
   It protects you from cold.
 J - a +6 ring of dexterity
 R - an uncursed ring of protection from cold
 V - a +4 ring of evasion (right claw)
Wands
 a - a wand of digging (8)
 i - a wand of acid (19)
 F - a wand of polymorph (17)
 H - a wand of disintegration (30)
 K - a wand of enslavement (21)
 Q - a wand of iceblast (11)
 S - a wand of paralysis (17)
 U - a wand of flame (41)
Scrolls
 d - 6 scrolls of fear
 k - 9 scrolls of teleportation
 n - 8 scrolls of amnesia
 p - 8 scrolls of enchant weapon
 x - 2 scrolls of magic mapping
 y - 7 scrolls of identify
 z - 16 scrolls of remove curse
 M - a scroll of brand weapon
 N - 4 scrolls of fog
 O - 4 scrolls of enchant armour
 P - a scroll of acquirement
 Y - 5 scrolls of blinking
Potions
 e - 9 potions of brilliance
 g - 10 potions of lignification
 h - 2 potions of resistance
 j - 9 potions of flight
 o - 5 potions of berserk rage
 s - 3 potions of magic
 u - 6 potions of stabbing
 v - 7 potions of haste
 B - 3 potions of invisibility
 C - 4 potions of cancellation
 E - 4 potions of mutation
 L - a potion of curing
Books
 T - a manual of Hexes
Miscellaneous
 l - 2 boxes of beasts
 r - a lightning rod (4/4)
 A - a phial of floods
 G - a tin of tremorstones (3/3)
Comestibles
 f - 44 rations


   Skills:
 - Level 11.3 Fighting
   Level 1.7 Axes
 - Level 13.4 Armour
 - Level 4.9 Dodging
 - Level 15.0 Shields
 - Level 12.4 Unarmed Combat
 - Level 8.0 Spellcasting
 * Level 13.8 Transmutations
 + Level 6.7 Earth Magic
 - Level 20.1 Invocations


You had 26 spell levels left.
You knew the following spells:

 Your Spells              Type           Power        Failure   Level  Hunger
a - Blink                 Tloc           N/A          75%         2    None
b - Statue Form           Tmut/Erth      #####....    87%         6    ######.

Your spell library contained the following spells:

 Spells                   Type           Power        Failure   Level  Hunger
 Beastly Appendage        Tmut           ######       1%          1    None
 Sticks to Snakes         Tmut           ######..     1%          2    None
 Blade Hands              Tmut           ######....   8%          5    #####..
 Petrify                  Tmut/Erth      #####...     12%         4    ###....
 Spider Form              Tmut/Pois      ####......   14%         3    #......
 Hydra Form               Tmut           ######....   38%         6    ######.
 Ice Form                 Ice/Tmut       ####....     41%         4    ###....
 Corona                   Hex            #......      61%         1    None
 Magic Dart               Conj           #...         61%         1    None
 Shock                    Conj/Air       #...         61%         1    None
 Summon Small Mammal      Summ           #...         61%         1    None
 Call Imp                 Summ           #.......     75%         2    None
 Corpse Rot               Necr/Air       N/A          75%         2    None
 Slow                     Hex            #.......     75%         2    None
 Sublimation of Blood     Necr           #.........   75%         2    None
 Swiftness                Chrm/Air       #.......     75%         2    None
 Irradiate                Conj/Tmut      ####......   77%         5    #####..
 Yara's Violent Unravell  Hex/Tmut       ####......   77%         5    #####..
 Leda's Liquefaction      Hex/Erth       ###.......   89%         4    ###....
 Dragon Form              Tmut           ######....   92%         7    #######
 Call Canine Familiar     Summ           #.......     93%         3    #......
 Confusing Touch          Hex            #.......     93%         3    #......
 Conjure Flame            Conj/Fire      #.......     93%         3    #......
 Gell's Gravitas          Tloc           #.........   93%         3    #......
 Inner Flame              Hex/Fire       #.......     93%         3    #......
 Mephitic Cloud           Conj/Pois/Air  #.......     93%         3    #......
 Portal Projectile        Hex/Tloc       #.....       93%         3    #......
 Static Discharge         Conj/Air       #.......     93%         3    #......
 Summon Guardian Golem    Hex/Summ       #.......     93%         3    #......
 Airstrike                Air            #.........   100%        4    ###....
 Cause Fear               Hex            #.........   100%        4    ###....
 Dispel Undead            Necr           #.......     100%        4    ###....
 Summon Ice Beast         Ice/Summ       #.......     100%        4    ###....
 Summon Lightning Spire   Summ/Air       #.......     100%        4    ###....
 Agony                    Necr           #.......     100%        5    #####..
 Bolt of Magma            Conj/Fire/Erth ##........   100%        5    #####..
 Excruciating Wounds      Chrm/Necr      #.........   100%        5    #####..
 Iskenderun's Battlesphe  Conj/Chrm      #.......     100%        5    #####..
 Lightning Bolt           Conj/Air       #.........   100%        5    #####..
 Metabolic Englaciation   Hex/Ice        #.........   100%        5    #####..
 Silence                  Hex/Air        #.........   100%        5    #####..
 Conjure Ball Lightning   Conj/Air       #.........   100%        6    ######.
 Iron Shot                Conj/Erth      ###.......   100%        6    ######.
 Orb of Destruction       Conj           #.........   100%        7    #######
 Spellforged Servitor     Conj/Summ      #.........   100%        7    #######
 Discord                  Hex            #.........   100%        8    #######
 Tornado                  Air            #.........   100%        9    #######


Dungeon Overview and Level Annotations

Branches:
Dungeon (15/15)            Temple (1/1) D:4            Lair (6/6) D:11
  Swamp (4/4) Lair:4        Snake (4/4) Lair:2        Slime (0/5) Lair:5
    Orc (2/2) D:9             Elf (0/3) Orc:2        Vaults (2/5) D:14
 Depths (0/5) D:15        Ossuary (visited)           IceCv (visited)
Gauntlet (visited)
  Crypt: Vaults:2-3

Altars:
Ashenzari
Cheibriados
Dithmenos
Elyvilon
Fedhas
Gozag
Hepliaklqana
Kikubaaqudgha
Makhleb
Nemelex Xobeh
Okawaru
Qazlal
Ru
Sif Muna
Trog
Uskayaw
Vehumet
Wu Jian
Xom
Yredelemnul
Zin
The Shining One
Beogh
Jiyva

Shops:
D:8 (   D:11 *   D:12 =   D:15 [   Orc:2 *[:(   Snake:2 *   Snake:4 *}
Vaults:1 [   Vaults:2 [

Portals:
Trove: D:12 (give +2 storm dragon scales)

Annotations:
D:8 3 runed translucent doors, DevastatorOne's ghost, novice MiBe; Raspi's ghost, novice MiBe; Vidiiot's ghost, novice DDFi; funkygono's ghost, journeyman DDFi; grindst0ne's ghost, novice DsGl
D:13 exclusion: oklob plant
D:14 3 runed translucent doors, exclusion: obsidian statue, Qymaymp's ghost, adept GrEE
Lair:4 3 runed translucent doors, Nattefrost's ghost, journeyman TrGl
Lair:5 exclusions: downstairs and 4 oklob plants


Innate Abilities, Weirdness & Mutations

You have claws for hands.
You have a pair of large horns on your head.
You have claws for feet.
A weak demonic guardian rushes to your aid.
You are significantly more attuned to the shadows.
You are frail. (-10% HP)
[You often lose your temper in combat.]
[Your body often deteriorates upon taking damage.]


Message History

The starcursed mass shudders and is absorbed by its neighbour.
A starcursed mass splits.
The large abomination hits you but does no damage.
The starcursed mass engulfs you but does no damage.
A starcursed mass splits.
A raiju comes into view.
The starcursed mass engulfs you!
* * * LOW HITPOINT WARNING * * *
Your resistance to electricity fades away.
You feel protected from physical attacks.
The large abomination hits you but does no damage.
The starcursed mass engulfs you but does no damage.
The starcursed mass engulfs you!
* * * LOW HITPOINT WARNING * * *
You feel more protected from physical attacks.
The smoke demon gestures at you. Something smites you!
* * * LOW HITPOINT WARNING * * *
A cacophony of accursed wailing tears at your sanity!
You die...

# ... # ..
. .# # . .
........#
###
......# #
.##.....#
#..○§ ..#
#..XX#°§#
#..XX@°.#
#..xhXX.#
#..X.X3○#
#.X..X..#
#.......#
......[h.#
.........#
..#......
.#. .. .


You could see 8 starcursed masses, 2 large abominations, a smoke demon, 2 raiju
and a small abomination.

Vanquished Creatures
  Vashnia (Snake:3)
  Asterion (Snake:4)
  Frances (D:13)
  6 thorn hunters
  11 nagarajas
  A vault warden (Vaults:2)
  A cacodemon (Abyss:2)
  An orc warlord (Orc:2)
  The ghost of sentinel the Cleaver, an adept GrFi of Okawaru (Orc:1)
  Aizul (Snake:4)
  Louise (Snake:3)
  2 ironheart preservers (Vaults:2)
  A deep elf annihilator (Vaults:2)
  An ettin (Orc:1)
  A green death (Gauntlet)
  Josephine (Lair:5)
  A yaktaur captain (Vaults:1)
  16 hydras
  11 naga warriors
  3 centaur warriors
  2 ghost crabs (Swamp:3)
  3 rakshasas
  9 anacondas
  4 catoblepae
  4 shambling mangroves
  13 alligators
  12 two-headed ogres
  8 death yaks (Lair:6)
  2 ogre magi
  3 orc high priests (Orc:2)
  13 naga sharpshooters
  2 tengu warriors (D:9)
  2 spriggan berserkers (Swamp:4)
  7 shock serpents
  Sonja (Orc:2)
  A spatial maelstrom (Abyss:2)
  3 wretched stars (Abyss:2)
  A skeletal warrior (D:15)
  3 sixfirhies (Abyss:2)
  An unseen horror (shapeshifter) (Vaults:1)
  5 salamander mystics
  9 swamp dragons (Swamp:4)
  A spriggan druid (Swamp:4)
  A wizard (D:14)
  4 unseen horrors
  8 naga ritualists
  5 orc knights
  A lindwurm (shapeshifter) (D:15)
  A golden dragon skeleton (D:15)
  3 deep elf archers
  2 ironbrand convokers (Vaults:1)
  16 mana vipers
  2 necromancers
  4 orc sorcerers (Orc:2)
  26 ugly things
  5 manticores
  4 deep elf magi
  An orb spider (shapeshifter) (D:14)
  14 salamanders
  3 cyclopes
  5 guardian serpents
  6 naga magi
  4 centaur zombies
  A moth of wrath (Gauntlet)
  2 vault sentinels (Vaults:1)
  11 elephants
  27 black mambas
  4 gargoyles
  An eye of devastation (shapeshifter) (D:14)
  14 spiny frogs
  4 rime drakes
  A kobold demonologist (D:15)
  2 efreet
  7 komodo dragons
  13 yaktaurs
  An ancient zyme (Abyss:2)
  8 trolls
  A hydra zombie (Swamp:2)
  9 hornets
  2 raiju (Abyss:2)
  Prince Ribbit (D:6)
  A raiju (shapeshifter) (D:13)
  5 tyrant leeches
  A spriggan zombie (D:15)
  A blink frog (shapeshifter) (Vaults:1)
  7 blink frogs
  A deep troll zombie (D:15)
  4 slime creatures (D:15)
  10 hippogriffs
  3 large abominations (Abyss:2)
  11 dream sheep
  A meliai zombie (D:13)
  A stone giant simulacrum (Vaults:1)
  11 bog bodies
  5 wraiths
  An ice dragon zombie (D:15)
  A shadow (Swamp:1)
  A ynoxinul (Abyss:2)
  4 redbacks (Gauntlet)
  3 spriggans
  32 yaks
  5 fire bats
  3 wyverns
  Grum (D:11)
  A spectral komodo dragon (Gauntlet)
  15 vampire mosquitoes
  A golden eye (shapeshifter) (D:14)
  4 basilisks
  A tyrant leech zombie (Swamp:2)
  2 hungry ghosts (D:7)
  2 wargs (Orc:1)
  48 nagas
  8 water moccasins
  5 insubstantial wisps
  17 swamp worms
  A soldier ant (D:13)
  8 porcupines
  A spiny frog skeleton (Swamp:2)
  12 swamp drakes
  A black bear (D:10)
  9 ice beasts
  2 eyes of draining
  45 orc warriors
  2 phantoms
  4 sky beasts
  2 necrophages
  18 ogres
  15 wolves
  11 centaurs
  12 crocodiles
  7 big kobolds
  11 bullfrogs
  A wyvern zombie (D:12)
  A gnoll sergeant (D:9)
  A water moccasin zombie (D:6)
  2 wyvern skeletons
  2 scorpions
  23 killer bees
  7 wights (D:13)
  An electric eel (Lair:3)
  A howler monkey (D:4)
  7 starcursed masses (Abyss:2)
  3 bullfrog zombies
  2 quasits
  8 crimson imps
  5 hounds
  37 orc wizards
  2 gnoll shamans
  8 jellies
  6 centaur skeletons
  28 orc priests
  2 bullfrog skeletons (D:10)
  5 iguanas
  8 worker ants
  4 hell rats (Lair:6)
  A hound skeleton (D:9)
  8 mummies
  9 gnolls
  14 adders
  5 shadow imps
  8 oozes
  3 adder skeletons
  An adder zombie (D:9)
  5 worms
  6 dart slugs
  9 leopard geckos
  118 orcs
  5 bats
  10 giant cockroaches
  5 goblins
  7 hobgoblins
  19 jackals
  11 kobolds
  2 quokkas
  2 ball pythons
  6 frilled lizards
  A giant cockroach zombie (D:6)
  A gnoll zombie (Ossuary)
  4 hobgoblin zombies (Ossuary)
  2 kobold zombies
  3 orc zombies
  A quokka skeleton (D:5)
  3 rats
  2 briar patches
  3 butterflies (Lair:1)
  2 plants
1214 creatures vanquished.

Vanquished Creatures (collateral kills)
  A starcursed mass (Abyss:2)
  A deep elf annihilator (Vaults:2)
  A minotaur (Gauntlet)
  A naga warrior (Snake:4)
  2 hydras
  A two-headed ogre (D:13)
  An alligator (Swamp:3)
  A death scarab (Gauntlet)
  6 naga sharpshooters
  A skeletal warrior (D:15)
  A salamander mystic (Snake:4)
  A swamp dragon (Swamp:4)
  A naga ritualist (Snake:4)
  An orc sorcerer (Orc:1)
  2 ugly things
  An elephant (Lair:5)
  4 black mambas
  A naga mage (Snake:4)
  A rime drake (Lair:5)
  2 spiny frogs
  A komodo dragon (Lair:1)
  A yaktaur (Vaults:1)
  A hornet (D:9)
  A troll (D:9)
  A hippogriff (Lair:1)
  2 blink frogs (Lair:6)
  4 raiju (Abyss:2)
  A spriggan (Swamp:4)
  5 yaks
  Eustachio (D:4)
  2 fire bats
  3 nagas
  A vampire mosquito (D:15)
  An acid dragon (D:15)
  An insubstantial wisp (Swamp:3)
  2 orc warriors
  A swamp drake (Swamp:4)
  A water moccasin (Lair:1)
  2 ice beasts
  A phantom (D:5)
  A sky beast (D:9)
  4 centaurs
  An ogre (Orc:1)
  A bullfrog (D:9)
  An electric eel (Lair:3)
  2 crimson imps
  A bullfrog zombie (D:9)
  A jelly (D:5)
  An orc priest (D:10)
  A bullfrog skeleton (D:5)
  An iguana (D:4)
  3 orc wizards
  A mummy (Ossuary)
  2 adders
  A white imp (Abyss:2)
  8 orcs
94 creatures vanquished.

Vanquished Creatures (others)
  A naga mage (Snake:4)
  A jelly (D:5)
  2 orc wizards
  A worker ant (D:5)
  12 fungi
  25 plants
  2 withered plants (Orc:1)
44 creatures vanquished.

Grand Total: 1352 creatures vanquished

Notes
Turn   | Place    | Note
-------+----------+-------------------------------------------
     0 | D:1      | grindst0ne the Demonspawn Fighter began the quest for the
                  | Orb.
     0 | D:1      | Reached XP level 1. HP: 18/18 MP: 1/1
   231 | D:1      | Gained mutation: A weak demonic guardian rushes to your
                  | aid. [demonic ancestry]
   231 | D:1      | Reached XP level 2. HP: 22/24 MP: 2/2
   357 | D:1      | You fall into a shaft and drop 1 floor!
   729 | D:1      | Reached XP level 3. HP: 23/29 MP: 3/3
  2132 | D:2      | Gained mutation: You have sharp toenails. [demonic
                  | ancestry]
  2132 | D:2      | Reached XP level 4. HP: 37/37 MP: 4/4
  3194 | D:3      | Gained mutation: You have a pair of small horns on your
                  | head. [demonic ancestry]
  3194 | D:3      | Reached XP level 5. HP: 37/42 MP: 5/5
  4033 | D:4      | Noticed an ogre
  4047 | D:4      | Killed an ogre
  4107 | D:4      | Noticed Eustachio
  4120 | D:4      | Reached XP level 6. HP: 37/49 MP: 6/6
  4124 | D:4      | Killed Eustachio
  4165 | D:4      | Reached skill level 5 in Fighting
  4538 | D:4      | Found a staircase to the Ecumenical Temple.
  4567 | Temple   | Entered the Ecumenical Temple
  4592 | Temple   | Became a worshipper of Qazlal Stormbringer
  5209 | D:5      | Entered Level 5 of the Dungeon
  5217 | D:5      | Gained mutation: You have a pair of horns on your head.
                  | [demonic ancestry]
  5217 | D:5      | Reached XP level 7. HP: 44/56 MP: 7/7
  5219 | D:5      | Reached skill level 1 in Invocations
  5486 | D:5      | Reached skill level 5 in Armour
  5486 | D:5      | Reached skill level 5 in Shields
  5486 | D:5      | Reached skill level 2 in Invocations
  5543 | D:5      | Found a sand-covered staircase.
  5546 | D:5      | Reached * piety under Qazlal
  5546 | D:5      | Reached skill level 3 in Invocations
  5550 | Ossuary  | Entered an ossuary
  5892 | D:5      | Gained mutation: You are slightly more attuned to the
                  | shadows. [demonic ancestry]
  5892 | D:5      | Reached XP level 8. HP: 54/64 MP: 10/10
  6434 | D:6      | Noticed Prince Ribbit
  6519 | D:6      | Reached skill level 4 in Invocations
  6606 | D:6      | Reached ** piety under Qazlal
  6721 | D:6      | Reached skill level 5 in Invocations
  7026 | D:6      | Killed Prince Ribbit
  7461 | D:6      | Reached XP level 9. HP: 69/71 MP: 13/13
  7796 | D:7      | Reached skill level 6 in Invocations
  8619 | D:7      | Found an ornate altar of the Wu Jian Council.
  9027 | D:8      | Found Gel Bus's Antique Weapon Emporium.
  9045 | D:8      | Bought an ancient war axe for 263 gold pieces
  9045 | D:8      | Identified the +3 war axe "Gram" {vorpal, rElec MR+ Str-5
                  | Dex+2} (You bought it in a shop on level 8 of the Dungeon)
  9112 | D:8      | Reached skill level 7 in Invocations
  9164 | D:8      | Noticed a two-headed ogre
  9171 | D:8      | Killed a two-headed ogre
  9200 | D:8      | Reached *** piety under Qazlal
  9204 | D:8      | Reached skill level 8 in Invocations
  9204 | D:8      | Gained mutation: You have razor-sharp toenails. [demonic
                  | ancestry]
  9204 | D:8      | Reached XP level 10. HP: 29/80 MP: 14/16
  9730 | D:8      | Found a runed translucent gate.
  9893 | D:8      | Found a runed translucent gate.
  9893 | D:8      | Noticed Vidiiot's ghost (novice DDFi)
  9894 | D:8      | Found a runed translucent gate.
  9894 | D:8      | Noticed funkygono's ghost (journeyman DDFi)
  9894 | D:8      | Noticed DevastatorOne's ghost (novice MiBe)
  9894 | D:8      | Noticed grindst0ne's ghost (novice DsGl)
  9894 | D:8      | Noticed Raspi's ghost (novice MiBe)
 10176 | D:9      | Noticed a tengu warrior
 10299 | D:9      | Noticed a tengu warrior
 10304 | D:9      | Killed a tengu warrior
 10316 | D:9      | Killed a tengu warrior
 10540 | D:9      | Reached skill level 9 in Invocations
 11655 | D:9      | Found a staircase to the Orcish Mines.
 12135 | D:10     | Entered Level 10 of the Dungeon
 12249 | D:10     | Reached XP level 11. HP: 66/89 MP: 18/18
 12253 | D:10     | Reached skill level 10 in Invocations
 12411 | D:10     | Found a glowing golden altar of the Shining One.
 12524 | D:10     | Killed an unseen horror
 12812 | D:10     | Reached **** piety under Qazlal
 13634 | D:11     | HP: 4/90 [yak (9)]
 13902 | D:11     | Found a staircase to the Lair.
 14008 | D:11     | Found Ebluhaiq's General Store.
 14221 | D:11     | Noticed Grum
 14224 | D:11     | Killed Grum
 14419 | D:12     | Reached skill level 10 in Fighting
 14434 | D:12     | Reached ***** piety under Qazlal
 14704 | D:12     | Reached skill level 11 in Invocations
 14787 | Lair:1   | Entered Level 1 of the Lair of Beasts
 15456 | Lair:1   | Noticed a six-headed hydra
 15463 | Lair:1   | Killed a seven-headed hydra
 15750 | Lair:1   | Noticed a four-headed hydra
 15751 | Lair:1   | Gained mutation: You have sharp fingernails. [demonic
                  | ancestry]
 15751 | Lair:1   | Reached XP level 12. HP: 94/98 MP: 20/20
 15757 | Lair:1   | Killed a four-headed hydra
 16061 | Lair:1   | Reached skill level 12 in Invocations
 16422 | Lair:2   | Noticed a five-headed hydra
 16437 | Lair:1   | Killed a five-headed hydra
 16437 | Lair:1   | Reached skill level 10 in Armour
 16437 | Lair:1   | Reached skill level 10 in Shields
 16847 | Lair:2   | Reached skill level 1 in Dodging
 17022 | Lair:2   | Found a staircase to the Snake Pit.
 17366 | Lair:2   | Identified 2 scrolls of acquirement
 17523 | Lair:3   | Reached skill level 1 in Unarmed Combat
 17539 | Lair:3   | Reached skill level 13 in Invocations
 17943 | Lair:3   | Found a sparkling altar of Nemelex Xobeh.
 18652 | Lair:4   | Found a staircase to the Swamp.
 18847 | Lair:4   | Found a runed translucent gate.
 18847 | Lair:4   | Found a runed translucent gate.
 18848 | Lair:4   | Found a runed translucent gate.
 18848 | Lair:4   | Noticed Nattefrost's ghost (journeyman TrGl)
 20234 | Lair:5   | Noticed an eight-headed hydra
 20290 | Lair:4   | Killed an eight-headed hydra
 20290 | Lair:4   | Reached XP level 13. HP: 88/106 MP: 23/23
 20415 | Lair:5   | Reached skill level 14 in Invocations
 20431 | Lair:5   | Reached skill level 5 in Unarmed Combat
 20433 | Lair:5   | Reached ****** piety under Qazlal
 20444 | Lair:5   | Got the amulet of Propriety {Reflect Int+4 SH+5}
 20498 | Lair:5   | Found a staircase to the Slime Pits.
 20796 | Lair:5   | Found a viscous altar of Jiyva.
 21615 | Lair:6   | Entered Level 6 of the Lair of Beasts
 22197 | Lair:6   | Noticed Josephine
 22218 | Lair:5   | Killed Josephine
 22500 | Lair:6   | Reached skill level 15 in Invocations
 23263 | Lair:6   | Gained mutation: You have very sharp fingernails. [demonic
                  | ancestry]
 23263 | Lair:6   | Reached XP level 14. HP: 69/113 MP: 25/25
 23686 | Lair:6   | Reached skill level 16 in Invocations
 24298 | Lair:6   | Got a fine tin amulet
 24304 | Lair:6   | Identified the amulet of Zaamegel {RegenMP rElec Dex+2}
                  | (You found it on level 6 of the Lair of Beasts)
 25212 | D:12     | Found Rarr's Jewellery Shop.
 25263 | D:12     | Found a portal to a secret trove of treasure.
 25588 | D:13     | Noticed Frances
 25606 | D:13     | Killed Frances
 26107 | D:13     | Reached skill level 17 in Invocations
 26578 | D:13     | Found a blossoming altar of Fedhas.
 27172 | D:14     | Reached skill level 10 in Unarmed Combat
 27192 | D:14     | Found a frozen archway.
 27199 | IceCv    | Entered an ice cave
 27471 | IceCv    | Found a transporter.
 27533 | D:14     | Learned a level 2 spell: Blink
 27767 | D:14     | Found a runed translucent gate.
 27769 | D:14     | Noticed Qymaymp's ghost (adept GrEE)
 27770 | D:14     | Found an opulent altar of Gozag.
 27771 | D:14     | Found a runed translucent gate.
 27771 | D:14     | Found a runed translucent gate.
 27771 | D:14     | Noticed a storm dragon
 28173 | D:14     | Found a gate to the Vaults.
 28744 | D:15     | Entered Level 15 of the Dungeon
 28826 | D:15     | Reached skill level 18 in Invocations
 28964 | D:15     | Gained mutation: You have claws for hands. [demonic
                  | ancestry]
 28964 | D:15     | Reached XP level 15. HP: 75/119 MP: 28/28
 30035 | D:15     | Found a staircase to the Depths.
 30458 | D:15     | Found Feagior's Antique Armour Boutique.
 31098 | Orc:1    | Entered Level 1 of the Orcish Mines
 31364 | Orc:1    | Reached skill level 19 in Invocations
 31813 | Orc:1    | Found a runed translucent door.
 31814 | Orc:1    | Noticed sentinel's ghost (adept GrFi)
 32416 | Orc:1    | Killed sentinel's ghost
 32468 | Orc:2    | Entered Level 2 of the Orcish Mines
 32501 | Orc:2    | Noticed Sonja
 32507 | Orc:2    | Killed Sonja
 32571 | Orc:2    | Found a gate leading to a gauntlet.
 32579 | Gauntlet | Entered a Gauntlet
 32579 | Gauntlet | Found a transporter.
 32579 | Gauntlet | Found a transporter.
 32737 | Gauntlet | Found a transporter.
 32756 | Gauntlet | Found a transporter.
 32771 | Gauntlet | Found a transporter.
 32783 | Gauntlet | Found a transporter.
 32799 | Gauntlet | Found a transporter.
 32868 | Gauntlet | Found the brooch of Shielding {Spirit SH+8}
 32872 | Gauntlet | Found a transporter.
 32882 | Gauntlet | Found a transporter.
 32896 | Gauntlet | Found a transporter.
 32909 | Gauntlet | Found a transporter.
 32926 | Gauntlet | Found a transporter.
 32996 | Gauntlet | Found a transporter.
 33010 | Gauntlet | Found a transporter.
 33040 | Gauntlet | Found a transporter.
 33082 | Gauntlet | Found a transporter.
 33370 | Gauntlet | Got a twitching ivory ring
 33373 | Gauntlet | Identified the ring "Unugiff" {rC+ Str+2} (You found it in
                  | a Gauntlet)
 33420 | Gauntlet | Got a pair of polished boots
 33425 | Gauntlet | Identified the +1 pair of boots of the Wild Haggis {rPois}
                  | (You found it in a Gauntlet)
 33452 | Gauntlet | Identified the +6 morningstar of Beyond {pain, *Corrode
                  | Int+6}
 33476 | Gauntlet | Identified the Almanac of Moulding
 33508 | Orc:2    | Noticed an orc warlord
 33521 | Orc:2    | Killed an orc warlord
 34126 | Orc:2    | Found Foemoxt's Antique Armour Boutique.
 34127 | Orc:2    | Found Zajoroth's General Store.
 34127 | Orc:2    | Found Ewem's Book Boutique.
 34127 | Orc:2    | Found Fapp's Antique Weapon Shop.
 34141 | Orc:2    | Bought a masterwork plate armour for 616 gold pieces
 34141 | Orc:2    | Bought a runed cloak for 165 gold pieces
 34151 | Orc:2    | Identified the +9 plate armour of Sufret Wuja {Int+6} (You
                  | bought it in a shop on level 2 of the Orcish Mines)
 34220 | Orc:2    | Found a staircase to the Elven Halls.
 34275 | Orc:2    | Found a roughly hewn altar of Beogh.
 34699 | Swamp:1  | Entered Level 1 of the Swamp
 34699 | Swamp:1  | Noticed a thorn hunter
 34708 | Swamp:1  | Killed a thorn hunter
 34964 | Swamp:1  | Reached skill level 20 in Invocations
 35436 | Swamp:2  | Noticed a thorn hunter
 35700 | Swamp:2  | Killed a thorn hunter
 35700 | Swamp:2  | Gained mutation: You have claws for feet. [demonic
                  | ancestry]
 35700 | Swamp:2  | Reached XP level 16. HP: 118/125 MP: 28/30
 35716 | Swamp:1  | Learned a level 6 spell: Statue Form
 36438 | Swamp:2  | Reached skill level 1 in Transmutations
 36463 | Swamp:2  | Reached skill level 1 in Spellcasting
 37748 | Swamp:3  | Noticed a thorn hunter
 37757 | Swamp:3  | Killed a thorn hunter
 38582 | Swamp:4  | Entered Level 4 of the Swamp
 38666 | Swamp:4  | Reached skill level 5 in Transmutations
 38994 | Swamp:4  | Noticed a thorn hunter
 39001 | Swamp:4  | Killed a thorn hunter
 39177 | Swamp:4  | Noticed a thorn hunter
 39323 | Swamp:4  | Killed a thorn hunter
 39549 | Swamp:4  | Noticed a thorn hunter
 39560 | Swamp:4  | Killed a thorn hunter
 39650 | Swamp:4  | Paralysed by a hornet for 2 turns
 39660 | Swamp:4  | Reached skill level 5 in Spellcasting
 40110 | Swamp:4  | Got a decaying rune of Zot
 40386 | Snake:1  | Entered Level 1 of the Snake Pit
 40396 | Snake:1  | Gained mutation: You are significantly more attuned to the
                  | shadows. [demonic ancestry]
 40396 | Snake:1  | Reached XP level 17. HP: 131/131 MP: 31/31
 42497 | Snake:2  | Found Eseujoq's General Store.
 43492 | Snake:2  | Bought a scroll of acquirement for 936 gold pieces
 43566 | Snake:3  | Noticed Vashnia
 43629 | Snake:3  | Killed Vashnia
 43629 | Snake:3  | Reached skill level 10 in Transmutations
 44294 | Snake:3  | Noticed Louise
 44300 | Snake:3  | Killed Louise
 44986 | Snake:4  | Entered Level 4 of the Snake Pit
 45000 | Snake:4  | Reached skill level 15 in Shields
 45006 | Snake:4  | Noticed Aizul
 45018 | Snake:4  | Killed Aizul
 45280 | Snake:4  | Reached skill level 1 in Earth Magic
 45299 | Snake:4  | Reached XP level 18. HP: 127/138 MP: 30/32
 45315 | Snake:4  | Found Wagiumoc's Gadget Shoppe.
 45315 | Snake:4  | Found Beyg's Assorted Antiques.
 46051 | Snake:4  | Bought an embroidered cloak for 217 gold pieces
 46157 | Snake:4  | Identified the +5 kite shield of the Gloaming {rPois rC+
                  | rN+ Str+2}
 46157 | Snake:4  | Noticed Asterion
 46178 | Snake:4  | Killed Asterion
 46450 | Snake:4  | Found a burning altar of Makhleb.
 46690 | Snake:4  | Got a serpentine rune of Zot
 47172 | Vaults:1 | Entered Level 1 of the Vaults
 47278 | Vaults:1 | Reached skill level 5 in Earth Magic
 47898 | Vaults:1 | Found Acodiuzu's Antique Armour Emporium.
 48643 | Vaults:2 | Found Roashrese's Antique Armour Shop.
 48701 | Vaults:2 | Cast into level 2 of the Abyss (a deep elf sorcerer)
 48835 | Abyss:2  | Gained mutation: You are frail. (-10% HP) [a cacodemon]
 48901 | Abyss:2  | Gained mutation: You have a pair of large horns on your
                  | head. [demonic ancestry]
 48901 | Abyss:2  | Reached XP level 19. HP: 70/129 MP: 23/33
 48907 | Abyss:2  | Paralysed by accursed screaming for 1 turns
 48914 | Abyss:2  | Paralysed by accursed screaming for 1 turns
 48941 | Abyss:2  | Paralysed by accursed screaming for 1 turns
 48948 | Abyss:2  | Paralysed by accursed screaming for 2 turns
 48950 | Abyss:2  | Killed from afar by a starcursed mass

Illustrated notes

Levels and vault maps discovered:
D:1:      ncdulo_lavacross, layout_basic, st_stairs_3
D:2:      layout_basic
D:3:      layout_basic, grunt_ministairs_7, minivault_24
D:4:      layout_basic, minmay_temple_entry_junction, uniq_eustachio
D:5:      layout_cave_pools, nicolae_ossuary_entry_giza, first_ration,
          lemuel_flamethrower_2
D:6:      layout_basic, uniq_prince_ribbit1
D:7:      layout_loops_ring, lemuel_coloured_pillars_altar
D:8:      layout_loops_ring, gammafunk_ghost_cemetery, serial_shops, shop_statue
D:9:      layout_basic, kennysheep_orc_monster_closet_entryway
D:10:     layout_roguey, hangedman_little_slice_of_home, tso_metal_star
D:11:     layout_roguey, lair_entry_dummy, serial_shops,
          nicolae_shop_waterfront, eino_curves_02, uniq_grum
D:12:     layout_long_grid, enter_trove_1, serial_shops, shop
D:13:     layout_roguey, minmay_misc_feat_plants, hangedman_decor_slide_cut,
          tgw_fedhas, uniq_frances
D:14:     layout_layer_cave, david_vaults_2, portal_ice_cave_entry_pillars_2,
          minmay_stone_trees_large, ebering_ghost_gozag
D:15:     gammafunk_depths_entry_grave, layout_gridville, serial_shops, shop,
          special_room [special_room_orc], hangedman_decor_riveting
Temple:   nicolae_temple_the_god_donut
Lair:1:   layout_regular_city, st_stairs_11, chequers_serial_rivers_micro_c,
          lemuel_fruit_fields
Lair:2:   layout_long_grid, minmay_snake_entry_guardpost_small,
          serial_bayou_shore_b
Lair:3:   layout_cave_pods, basic_altar, serial_bayou_lagoon_b
Lair:4:   layout_cave_pods, swamp_mist, gammafunk_ghost_necromancy,
          lemuel_fruit_fields
Lair:5:   layout_roguey, slime_altar_1, minmay_lair_oklob_chamber
Lair:6:   evilmike_catoblepas_cave, layout_long_grid, uniq_josephine
Swamp:1:  layout_falls_marsh, nicolae_swamp_fairy_circle
Swamp:2:  layout_falls_marsh, hangedman_swamp_ruin_wall, swamp_pool3,
          grunt_hermit_hut, infiniplex_staircase_pool
Swamp:3:  layout_basic_swamp, evilmike_swamp_ruin_house_1
Swamp:4:  swamp_basic_johnstein, layout_basic_swamp
Snake:1:  layout_layer_cave
Snake:2:  layout_basic, grunt_ministairs_3, drop_trap, minmay_shop_star
Snake:3:  layout_cave_town, uniq_vashnia, uniq_louise
Snake:4:  johnstein_snake_rune_scales, layout_cave_shapes, basic_altar,
          minmay_shoptagon, uniq_aizul, uniq_asterion
Orc:1:    layout_caves, gammafunk_ghost_grave, nicolae_orc_flooded_monolith,
          mines5_lemuel
Orc:2:    st_orc_congregation, layout_caves, nicolae_volcano_entry_batcave,
          gauntlet_entry_generic, mines2_david, uniq_sonja
Vaults:1: hangedman_vaults_impose, hangedman_vaults_cutoff, v_misc_17,
          hangedman_vaults_stagger, nicolae_vaults_little_squares_1,
          layout_vaults_omnigrid, serial_shops, nicolae_shop_crystal
Vaults:2: vaults_room_pool, hangedman_vaults_maws, nicolae_vaults_triangles,
          nicolae_vaults_network_periphery, hangedman_vaults_stitches,
          ontoclasm_vaults_ring_large, nicolae_vaults_windows_and_doors_thing,
          nicolae_vaults_angled_halls, vaults_room_pools,
          nicolae_vaults_network_s, layout_vaults_chaotic_city,
          minmay_crypt_entry_simple_box, serial_shops,
          nicolae_shop_overgrown_old_shop
Abyss:2:  base: Vaults:2, base: Vaults:2, evilmike_abyss_exit_smiterflies

Skill      XL: |  1  2  3  4  5  6  7  8  9 10 11 12 13 14 15 16 17 18 |
---------------+-------------------------------------------------------+-----
Shields        | 3 4 5 6 7 8 9 10 11 12 13 14 15 | 15.0
Armour         | 3 4 5 6 7 8 9 10 11 12 13 | 13.4
Fighting       | 4 5 6 8 9 10 11 | 11.3
Invocations    | 3 5 8 9 11 13 15 18 20 | 20.1
Dodging        | 3 4 |  4.9
Unarmed Combat | 4 7 10 12 | 12.4
Transmutations | 7 11 13 | 13.8
Spellcasting   | 5 7 8 |  8.0
Earth Magic    | 1 6 |  6.7
Axes           | |  1.7

Action                   |  1- 3 |  4- 6 |  7- 9 | 10-12 | 13-15 | 16-18 | 19-21 || total
-------------------------+-------+-------+-------+-------+-------+-------+-------++-------
Melee: War axe           |   125 |   246 |   388 |   672 |   210 |       |       ||  1641
       Kick              |       |    52 |    92 |    47 |       |   545 |     4 ||   740
       Headbutt          |       |    20 |    60 |   119 |   333 |   391 |     3 ||   926
       Unarmed           |       |       |       |       |  1174 |  1487 |    22 ||  2683
Throw: Dart              |       |       |       |     5 |       |       |       ||     5
Invok: Upheaval          |       |       |       |     2 |    14 |     9 |       ||    25
       Elemental Force   |       |       |       |       |     3 |     7 |     1 ||    11
Evoke: Wand              |       |       |       |    20 |     1 |     1 |       ||    22
       Lightning rod     |       |       |       |     6 |     1 |       |       ||     7
       Phial of floods   |       |       |       |     1 |       |       |       ||     1
  Use: Scroll            |       |     6 |     9 |    16 |    13 |     2 |     1 ||    47
       Potion            |       |       |     1 |    12 |     8 |     5 |     2 ||    28
 Stab: Distracted        |       |       |     4 |     2 |     7 |    17 |     1 ||    31
  Eat: Chunk             |     4 |    10 |     8 |    30 |    32 |    25 |       ||   109
       Ration            |       |       |     3 |     2 |     5 |     6 |       ||    16
Armor: Scale mail        |    33 |       |       |       |       |       |       ||    33
       Chain mail        |    40 |    60 |       |       |       |       |       ||   100
       Plate armour      |       |   128 |   210 |   531 |   421 |   353 |    10 ||  1653
Dodge: Dodged            |    19 |    51 |    51 |   129 |   294 |   291 |     6 ||   841
       Repelled          |       |       |       |     2 |    10 |    40 |     2 ||    54
Block: Kite shield       |    59 |   207 |   326 |   851 |  1743 |  1877 |    22 ||  5085
       Reflection        |       |       |       |       |    32 |       |       ||    32
